 Dungeon Crawl Stone Soup version 0.29-a0-542-g075992c915 (webtiles) character file.

Game seed: 353773816137752491

39 oldriver the Skirmisher (level 3, 0/32 HPs)
             Began as a Palentonga Delver on June 5, 2022.
             Slain by a goblin
             ... wielding a +0 club
              (4 damage)
             ... on level 3 of the Dungeon.
             The game lasted 00:01:00 (565 turns).

oldriver the Skirmisher (Palentonga Delver)          Turns: 565, Time: 00:01:01

Health: 0/32       AC:  4    Str: 17    XL:     3   Next: 28%
Magic:  3/3        EV:  9    Int: 10    God:
Gold:   10         SH:  0    Dex: 11    Spells: 2/2 levels left

rFire   . . .      SeeInvis +   a - +0 hand axe
rCold   . . .      Faith    .   (no shield)
rNeg    . . .      Spirit   .   b - +0 leather armour
rPois   .          Reflect  .   (no helmet)
rElec   .          Harm     .   (no cloak)
rCorr   .          Rampage  .   (no gloves)
Will    .....                   (no barding)
Stlth   ++........              (no amulet)
HPRegen 0.10/turn               (no ring)
MPRegen 0.08/turn               (no ring)

@: brilliant
A: large, rugged brown scales 3, see invisible, deformed body, roll 1, armoured
tail
a: Rolling Charge


You were on level 3 of the Dungeon.
You visited 1 branch of the dungeon, and saw 3 of its levels.

You collected 10 gold pieces.

Inventory:

Hand Weapons
 a - a +0 hand axe (weapon)
 i - a +0 mace of distortion
Armour
 b - a +0 leather armour (worn)
Wands
 g - a wand of digging (3)
 h - a wand of iceblast (5)
Scrolls
 c - a scroll of fog
 d - a scroll of magic mapping
 e - a scroll of fear
Potions
 f - a potion of haste


   Skills:
 + Level 3.7 Fighting
 + Level 3.0 Axes
 - Level 1.5 Dodging
 - Level 3.3 Stealth


You had 2 spell levels left.
You didn't know any spells.
Your spell library was empty.

Dungeon Overview and Level Annotations

Branches:
Dungeon (5/15)
 Temple: D:4-7

Altars:


Innate Abilities, Weirdness & Mutations

You are completely covered in rugged brown scales. (AC +3, +7% HP)
You have supernaturally acute eyesight. (SInv)
Armour fits poorly on your strangely shaped body.
You can roll at nearby foes to attack.
You have a long armoured tail.


Message History

Ijyb is severely wounded.
Ijyb barely misses you.
It was a potion of brilliance.
You feel clever all of a sudden. Ijyb hits you with a +0 club.
* * * LOW HITPOINT WARNING * * *
You hit Ijyb.
Ijyb is severely wounded.
Ijyb hits you with a +0 club.
* * * LOW HITPOINT WARNING * * *
You barely miss Ijyb. You tail-slap Ijyb.
You kill Ijyb!
A ball python comes into view.
Your Axes skill increases to level 3!
You have reached level 3!
Your experience leads to an increase in your attributes!
Increase (S)trength, (I)ntelligence, or (D)exterity?
You feel stronger. x2
Items here: ) / [ †.
The ball python hisses angrily.
You are too injured to fight recklessly!
Roll where?
Press: ? - help, Dir - move target, f - ball python
Aim: a ball python You roll forward with a clatter of scales!
You hit the ball python. You tail-slap the ball python.
You kill the ball python!
Unknown command.
You start resting.
A goblin comes into view. It is wielding a +0 club.
h - a wand of iceblast (5)
Things that are here:
a +0 club; a +0 leather armour; the goblin corpse of Ijyb A goblin is nearby!
Roll where?
Press: ? - help, Dir - move target, f - goblin
Aim: a goblin, wielding a +0 club You roll forward with a clatter of scales!
You closely miss the goblin. The goblin hits you with a +0 club.
You die...

...#.#
#.#####.#.######
#.g....†.......#
#######......#.###.
#)#..........
#......#. ######.#
#g# #@# #☼# #○#
#######.# #
........# .
#######.# # #.# #
#.# ####### # #.#
#.....###


You could see a goblin.

Vanquished Creatures
  Ijyb (D:3)
  An adder (D:3)
  A kobold (D:3)
  A quokka (D:3)
  2 ball pythons (D:3)
6 creatures vanquished.

Notes
Turn   | Place    | Note
-------+----------+-------------------------------------------
     0 | D:5      | oldriver the Palentonga Delver began the quest for the Orb.
     0 | D:5      | Reached XP level 1. HP: 19/19 MP: 1/1
     5 | D:5      | Noticed an iguana
   396 | D:3      | Reached XP level 2. HP: 15/25 MP: 2/2
   531 | D:3      | Noticed Ijyb
   540 | D:3      | HP: 1/25 [Ijyb/+0 club (4)]
   541 | D:3      | Killed Ijyb
   542 | D:3      | Reached XP level 3. HP: 1/32 MP: 3/3
   565 | D:3      | Slain by a goblin

Illustrated notes

Levels and vault maps discovered:
D:3:      layout_loops_ring, uniq_ijyb
D:4:      layout_gridville, kennysheep_boxes
D:5:      layout_cave_pools, serial_shops, shop, minmay_mini_ossuary

Skill      XL: |  1  2 |
---------------+-------+-----
Axes           | 3 |  3.0
Fighting       | |  3.7
Dodging        | |  1.5
Stealth        | |  3.3

Action                   || total
-------------------------++-------
Melee: Hand axe          ||    32
       Tailslap          ||     3
 Abil: Rolling Charge    ||     3
  Use: Potion            ||     1
Armor: Leather armour    ||    15
Dodge: Dodged            ||    10

Table legend: (Time is in decaauts)
 A = Elapsed time spent in this place.
 B = Non-inter-level travel time spent in this place.
 C = Inter-level travel time spent in this place.
 D = Time resting spent in this place.
 E = Time spent auto-exploring this place.
 F = Levels seen in this place.
 G = Mean time per level.
                   A        B        C        D        E       F      G
               +--------+--------+--------+--------+--------+-----+--------+
         Total |    570 |    570 |      0 |    259 |    145 |   3 |  190.0 |
       Dungeon |    570 |    570 |      0 |    259 |    145 |   3 |  190.0 |
               +--------+--------+--------+--------+--------+-----+--------+

Top non-repeatable levels by time:
     D:3: 434 daAuts
     D:5: 70 daAuts
     D:4: 65 daAuts
